 Dungeon Crawl Stone Soup version 0.30-a0-23-ge60ba3568b (webtiles) character file.

Game seed: 17356367520211157459

77 kareem the Trooper (level 4, -4/37 HPs)
             Began as a Demonspawn Fighter on Aug 25, 2022.
             Slain by an orc
             ... wielding a +0 morningstar
              (6 damage)
             ... on level 3 of the Dungeon.
             The game lasted 00:02:51 (2451 turns).

kareem the Trooper (Demonspawn Fighter)             Turns: 2451, Time: 00:02:52

Health: -4/37      AC:  8    Str: 19    XL:     4   Next: 14%
Magic:  4/4        EV: 10    Int:  9    God:
Gold:   83         SH:  4    Dex: 12    Spells: 3/3 levels left

rFire   . . .      SeeInvis .    a - +0 trident
rCold   . . .      Faith    .    c - +0 buckler
rNeg    . . .      Spirit   .    l - +3 ring mail
rPois   .          Reflect  .    (no helmet)
rElec   .          Harm     .    (no cloak)
rCorr   .          Rampage  .    (no gloves)
Will    .....                    (no boots)
Stlth   +.........               (no amulet)
HPRegen 0.12/turn                (no ring)
MPRegen 0.09/turn                (no ring)

@: mighty
A: claws 1, powered by death 1
a: no special abilities


You were on level 3 of the Dungeon.
You visited 1 branch of the dungeon, and saw 3 of its levels.

You collected 83 gold pieces.

Inventory:

Hand Weapons
 a - a +0 trident (weapon)
 p - a +2 short sword of venom
Armour
 b - a +0 scale mail
 c - a +0 buckler (worn)
 l - a +3 ring mail (worn)
Scrolls
 e - a scroll of fog {unknown}
 f - 3 scrolls of fear {unknown}
 g - 2 scrolls of poison {unknown}
 i - a scroll of teleportation {unknown}
 m - a scroll of identify {unknown}
 n - a scroll of summoning {unknown}
 o - a scroll of blinking {unknown}
Potions
 h - a potion of berserk rage {unknown}
 j - a potion of resistance {unknown}
 k - 2 potions of curing {unknown}
 q - a potion of ambrosia {unknown}


   Skills:
 + Level 3.8 Fighting
 * Level 3.4 Polearms
 - Level 2.6 Armour
 - Level 2.6 Shields


You had 3 spell levels left.
You didn't know any spells.
Your spell library contained the following spells:

 Spells                   Type           Power      Damage    Failure   Level
 Portal Projectile        Hex/Tloc       0%         N/A       95%         3
 Tukima's Dance           Hex            0%         N/A       95%         3
 Blade Hands              Tmut           0%         N/A       100%        5


Dungeon Overview and Level Annotations

Branches:
Dungeon (3/15)

Altars:
Trog

Shops:
D:3 (


Innate Abilities, Weirdness & Mutations

You have sharp fingernails.
You regenerate a little health from kills.


Message History

You kill the orc wizard!
The orc hits you but does no damage. Something hits you but does no damage.
The orc barely misses you.
You have reached level 4!
You feel stronger.
You barely miss something. The orc closely misses you.
Something hits you but does no damage. The orc closely misses you.
The orc hits you but does no damage. Something hits you.
The orc hits you with a +0 morningstar!
You puncture something! The orc misses you.
Something hits you but does no damage. The orc hits you with a +0 morningstar.
* * * LOW HITPOINT WARNING * * *
You completely miss something. The orc hits you but does no damage.
Something hits you.
* * * LOW HITPOINT WARNING * * *
The orc hits you but does no damage.
Okay, then.
You bump into the rock wall.
The orc hits you but does no damage. The orc hits you with a +0 morningstar.
* * * LOW HITPOINT WARNING * * *
Something hits you.
* * * LOW HITPOINT WARNING * * *
Unknown command.
You bump into the rock wall.
The orc barely misses you. Something hits you but does no damage.
The orc barely misses you.
Unknown command.
You bump into the rock wall.
You feel less confused. The orc hits you but does no damage.
Something completely misses you. You block the orc's attack.
Unknown command.
You closely miss something. Something hits you.
* * * LOW HITPOINT WARNING * * *
The orc hits you but does no damage. x2
Unknown command.
You impale something!!
Reactivating autopickup.
You feel a bit more experienced. The orc hits you but does no damage.
The orc hits you with a +0 morningstar.
You die...

...######### ######
#..........###### #....#
#.......<...#...##
#....###......).........#
####..##.................
#.....................
#..##.................
##.##)o...............
#.##@)...............
#.##.o...............
###.##.>...<....##.....
#...#...........##...##
#.....##..#######...).#
#....#...#..####.†.....
##....#...#.#.....∩...
##.....#...#.........
#####§...#...#.#..#.....#


You could see 2 orcs.

Vanquished Creatures
  2 orc wizards (D:3)
  3 worms (D:2)
  2 dart slugs
  An orc (D:3)
  5 endoplasms
  A hobgoblin (D:2)
  7 kobolds
  4 quokkas
  2 ball pythons (D:3)
  4 bats
  4 frilled lizards
  5 rats
40 creatures vanquished.

Notes
Turn   | Place    | Note
-------+----------+-------------------------------------------
     0 | D:1      | kareem the Demonspawn Fighter began the quest for the Orb.
     0 | D:1      | Reached XP level 1. HP: 18/18 MP: 1/1
   240 | D:1      | Gained mutation: You regenerate a little health from kills.
                  | [demonic ancestry]
   240 | D:1      | Reached XP level 2. HP: 24/24 MP: 2/2
  1332 | D:2      | Gained mutation: You have sharp fingernails. [demonic
                  | ancestry]
  1332 | D:2      | Reached XP level 3. HP: 29/29 MP: 3/3
  2328 | D:3      | Found Plog's Weapon Shoppe.
  2383 | D:3      | Found a bloodstained altar of Trog.
  2444 | D:3      | Reached XP level 4. HP: 21/37 MP: 4/4
  2451 | D:3      | Slain by an orc

Illustrated notes

Levels and vault maps discovered:
D:1:      dpeg_arrival_rooms_c, layout_loops_ring,
          chequers_serial_rivers_small_3, hangedman_abyss_or_decor_lesser_grid
D:2:      layout_basic
D:3:      layout_rooms, mainiacjoe_overflow_brackets, serial_shops,
          nicolae_shop_bloodbath_and_beyond, kennysheep_decorative_pillar,
          roderic_roman_lattice, minivault_23, hex_tiny

Skill      XL: |  1  2  3 |
---------------+----------+-----
Polearms       | 2 3 |  3.4
Fighting       | |  3.8
Armour         | |  2.6
Shields        | |  2.6

Action                   |  1- 3 |  4- 6 || total
-------------------------+-------+-------++-------
Melee: Trident           |   114 |     5 ||   119
  Use: Potion            |     1 |       ||     1
Armor: Scale mail        |    14 |       ||    14
       Ring mail         |    30 |    11 ||    41
Dodge: Dodged            |    32 |     6 ||    38
Block: Buckler           |    16 |     1 ||    17

Table legend: (Time is in decaauts)
 A = Elapsed time spent in this place.
 B = Non-inter-level travel time spent in this place.
 C = Inter-level travel time spent in this place.
 D = Time resting spent in this place.
 E = Time spent auto-exploring this place.
 F = Levels seen in this place.
 G = Mean time per level.
                   A        B        C        D        E       F      G
               +--------+--------+--------+--------+--------+-----+--------+
         Total |   2480 |   2437 |     43 |    196 |   1875 |   3 |  826.7 |
       Dungeon |   2480 |   2437 |     43 |    196 |   1875 |   3 |  826.7 |
               +--------+--------+--------+--------+--------+-----+--------+

Top non-repeatable levels by time:
     D:2: 1356 daAuts
     D:1: 982 daAuts
     D:3: 142 daAuts
